 Dungeon Crawl Stone Soup version 0.29-a0-334-gb41bcbb86e (webtiles) character file.

Game seed: 7103704280917462984

4 spaghetti the Magician (level 1, -1/17 HPs)
             Began as a Djinni Summoner on Apr 14, 2022.
             Was an Initiate of Ru.
             Frozen to death by an endoplasm (4 damage)
             ... on level 1 of the Dungeon.
             The game lasted 00:00:44 (268 turns).

spaghetti the Magician (Djinni Summoner)             Turns: 268, Time: 00:00:44

Health: -1/17      AC:  2    Str:  7    XL:     1   Next: 77%
Gold:   23         EV: 12    Int: 16    God:    Ru [......] SH:  0 Dex: 13

rFire   + + .      SeeInvis .   b - +0 dagger {short}
rCold   x . .      Faith    .   (no shield)
rNeg    . . .      Spirit   .   a - +0 robe
rPois   ∞          Reflect  .   (no helmet)
rElec   .          Harm     .   (no cloak)
rCorr   .          Rampage  .   (no gloves)
Will    .....                   (boots unavailable)
Stlth   ++........              (no amulet)
HPRegen 0.05/turn               (no ring)
MPRegen 0.00/turn               (no ring)

@: flying
A: sickness immunity, fire resistance 2, cold vulnerability 1, float, innate
caster, HP casting, extra vitality 1
a: Renounce Religion


You were on level 1 of the Dungeon.
You worshipped Ru.
Ru was noncommittal.
You visited 1 branch of the dungeon, and saw 1 of its levels.

You collected 23 gold pieces.


Innate Abilities, Weirdness & Mutations

You are immune to sickness and miasma.
You are immune to poison.
Your flesh is very heat resistant. (rF++)
You are vulnerable to cold. (rC-)
You float through the air rather than walking.
You learn spells naturally, not from books.
Your magical power is your life essence.
You have superior vitality. (+4 MHP)


   Skills:
 + Level 1.2 Fighting
 - Level 2.1 Dodging
 - Level 1.5 Stealth
 - Level 3.2 Spellcasting


You couldn't memorise any spells.
You knew the following spells:

 Your Spells              Type           Power      Damage    Failure   Level
a - Summon Small Mammal   Summ           52%        N/A       4%          1
b - Call Imp              Summ           13%        N/A       7%          2
c - Call Canine Familiar  Summ           13%        N/A       14%         3
d - Summon Guardian Gole  Hex/Summ       13%        N/A       14%         3
e - Summon Lightning Spi  Summ/Air       13%        N/A       43%         4
Your spell library was empty.

Inventory:

Hand Weapons
 b - a +0 dagger (weapon) {short}
   (You took it off a kobold on level 1 of the Dungeon)
Armour
 a - a +0 robe (worn)

Dungeon Overview and Level Annotations

Branches:
Dungeon (1/15)

Altars:
Ru

###..........#
#......#
........w....#
#?.....#
.............#
#....#.#
....####.###.#
#.#....### #.r##.#
#..r.....# ##.##.#
#........# ####w##..
#.......# #........
#...r@J.# ####.###.#..
####.######.....(#.#.#
#..r.gr.......#.#.#
########......#...#
#......##..# ######
#......##..#
#####....#
.......###.#
......##.#
#####.#####.#
##.##.##.# .#....>#


You could see an endoplasm (ally target), a rat and a friendly quokka
(summoned).


Message History

The bat hits you but does no damage. The bat barely misses you. 😕 HP[-1]
You take 1 damage, and now have 15/16 hp.
You hit the bat. The bat closely misses you.
Your bat closely misses the bat.
The bat closely misses you.
Your bat completely misses the bat.
You barely miss the bat. Your bat hits the bat.
The bat dies!
Your Fighting skill increases to level 1! 😕 HP[+1]
You now have 17 max hp (+1).
You swap places.
You see here a bat corpse.
Your bat disappears in a puff of smoke!
You see here a bat corpse.
You see here a bat corpse.
Key pressed, stopping explore.
Found a stone staircase leading down. 😎 HP[+1]
Your hp is fully restored (17).
A rat comes into view.
A rat is nearby!
A rat is nearby!
You see here 16 gold pieces.
The helpless rat fails to defend itself.
You hit the rat.
You kill the rat!
No target in view!
No target in view!
No target in view!
No target in view!
No target in view!
No target in view!
You now have 7 gold pieces.
You now have 23 gold pieces (gained 16).
Key pressed, stopping explore.
There is a stone staircase leading down here.
Key pressed, stopping explore. 2 dart slugs come into view.
Casting: Summon Small Mammal (safe; 4% risk of failure)
Confirm with . or Enter, or press ? or * to list all spells.
You miscast Summon Small Mammal.
You are very lightly contaminated with residual magic.
Nothing appears to happen. 😕 HP[-1]
You take 1 damage, and now have 16/17 hp.
Casting: Summon Small Mammal (safe; 4% risk of failure)
Confirm with . or Enter, or press ? or * to list all spells.
😕 HP[-1]
You take 1 damage, and now have 15/17 hp.
Casting: Summon Small Mammal (safe; 4% risk of failure)
Confirm with . or Enter, or press ? or * to list all spells.
😕 HP[-1]
You take 1 damage, and now have 14/17 hp.
The dart slug launches a dart at you. The slug dart hits you.
The dart slug launches a dart at you. The slug dart hits you.
* * * LOW HITPOINT WARNING * * *
😨 HP[-8]
You take 8 damage, and now have 6/17 hp.
MASSIVE DAMAGE!! (PAUSE)
The dart slug launches a dart at you. The slug dart hits you.
* * * LOW HITPOINT WARNING * * *
Your bat hits the dart slug. 😱 HP[-3]
You take 3 damage, and now have 3/17 hp.
You aren't carrying any potions.
You aren't carrying any scrolls.
Unknown command.
Your magical contamination has completely faded away.
A ball python and a hobgoblin come into view.
The ball python hisses angrily.
The ball python misses your bat.
The ball python closely misses your bat.
Casting: Summon Small Mammal (safe; 4% risk of failure)
Confirm with . or Enter, or press ? or * to list all spells.
* * * LOW HITPOINT WARNING * * *
Your bat disappears in a puff of smoke!
The ball python closely misses you. x2 😱 HP[-1]
You take 1 damage, and now have 2/17 hp.
You swap places.
The ball python attacks as you move away!
The ball python barely misses you. x2; Your quokka bites the ball python.
The ball python bites your quokka but does no damage.
The ball python barely misses your quokka.
Your rat bites the hobgoblin. 😱 HP[+1]
Your quokka bites the ball python.
The ball python dies!
Your rat bites the hobgoblin.
An endoplasm and a rat come into view.
The helpless endoplasm fails to defend itself.
You hit the endoplasm. The endoplasm misses you.
You barely miss the endoplasm. The endoplasm freezes you.
You are frozen.
You feel a terrible chill!
You die...

Skill      XL: |  1 |
---------------+----+-----
Fighting       | 1 |  1.2
Dodging        | |  2.1
Stealth        | |  1.5
Spellcasting   | |  3.2

Action                   || total
-------------------------++-------
Melee: Dagger            ||     5
       Unarmed           ||     1
 Cast: Summon Small Mamm ||     6
 Stab: Sleeping          ||     2
Armor: Robe              ||     5
Dodge: Dodged            ||     8

Levels and vault maps discovered:
D:1:      dpeg_arrival_water_altar, layout_basic,
          nicolae_concentric_dashed_squares_wild

Notes
Turn   | Place    | Note
-------+----------+-------------------------------------------
     0 | D:1      | spaghetti the Djinni Summoner began the quest for the Orb.
     0 | D:1      | Reached XP level 1. HP: 15/15 MP: 0/0
     0 | D:1      | magus.rc [v1.9.6]
    35 | D:1      | Found a sacrificial altar of Ru.
    84 | D:1      | Became a worshipper of Ru the Awakened
   169 | D:1      | Reached skill level 1 in Fighting
   248 | D:1      | HP: 3/17 [dart slug/slug dart (3)]
   268 | D:1      | Frozen to death by an endoplasm

Vanquished Creatures
  A rat (D:1)
1 creature vanquished.

Vanquished Creatures (collateral kills)
  2 bats (D:1)
  A kobold (D:1)
  A ball python (D:1)
4 creatures vanquished.

Grand Total: 5 creatures vanquished

Table legend:
 A = Non-vault XP
 B = Vault XP
 C = Vault XP percentage of total XP
 D = Non-vault monster count
 E = Vault monster count
 F = Vault count percentage of total count
                 A         B        C        D         E       F
            +---------+---------+-------+---------+---------+-------
      Total |       7 |       0 |   0.0 |       5 |       0 |   0.0
            +---------+---------+-------+---------+---------+-------
        D:1 |       7 |       0 |   0.0 |       5 |       0 |   0.0
            +---------+---------+-------+---------+---------+-------

Illustrated notes

Table legend:
 A = Kills in this place as a percentage of kills in entire the game.
 B = Kills by you in this place as a percentage of kills by you in the entire game.
 C = Kills by friends in this place as a percentage of kills by friends in the entire game.
 D = Other kills in this place as a percentage of other kills in the entire game.
 E = Experience gained in this place as a percentage of experience gained in the entire game.
 F = Experience gained in this place divided by the number of levels of this place that you have seen.
                   A       B       C       D       E      F
               +-------+-------+-------+-------+-------+----------------------
         Total | 100.0 | 100.0 | 100.0 |   N/A | 100.0 |   7.0
       Dungeon | 100.0 | 100.0 | 100.0 |   N/A | 100.0 |   7.0
               +-------+-------+-------+-------+-------+----------------------

Table legend: (Time is in decaauts)
 A = Elapsed time spent in this place.
 B = Non-inter-level travel time spent in this place.
 C = Inter-level travel time spent in this place.
 D = Time resting spent in this place.
 E = Time spent auto-exploring this place.
 F = Levels seen in this place.
 G = Mean time per level.
                   A        B        C        D        E       F      G
               +--------+--------+--------+--------+--------+-----+--------+
         Total |    267 |    267 |      0 |      0 |    193 |   1 |  267.0 |
       Dungeon |    267 |    267 |      0 |      0 |    193 |   1 |  267.0 |
               +--------+--------+--------+--------+--------+-----+--------+

Top non-repeatable levels by time:
     D:1: 267 daAuts
